 Dungeon Crawl Stone Soup version 0.31-a0-263-ge8cad7f256 (webtiles) character file.

Game seed: 3293555721688131920

78 qw the Shooter (level 4, 0/36 HPs)
             Began as a Minotaur Hexslinger on July 13, 2023.
             Slain by a river rat (7 damage)
             ... in a sewer.
             The game lasted 00:00:35 (1835 turns).

qw the Shooter (Minotaur Hexslinger)                Turns: 1835, Time: 00:00:35

Health: 0/36       AC: 11    Str: 12    XL:     4   Next: 15%
Magic:  13/13      EV: 11    Int: 10    God:
Gold:   202        SH:  0    Dex: 15    Spells: 4/5 levels left

rFire   . . .        Y - +1 sling
rCold   . . .        (no shield)
rNeg    . . .        d - +5 ring mail of Liberty {Will++ MP+9}
rPois   .            (helmet restricted)
rElec   .            (no cloak)
rCorr   .            (no gloves)
SInv    .            f - +0 pair of boots
Will    ++...        (no amulet)
Stlth   +            (no ring)
HPRegen 0.26/turn    (no ring)
MPRegen 0.13/turn

%: no passive effects
@: no status effects
A: horns 2, retaliatory headbutt
a: no special abilities


You were in a sewer.
You visited 1 branch of the dungeon, and saw 3 of its levels.
You also visited: Sewer.

You collected 202 gold pieces.


Innate Abilities, Weirdness & Mutations

You have a pair of horns on your head.
You reflexively headbutt those who attack you in melee.


   Skills:
 - Level 2.0 Fighting
 + Level 4.3 Ranged Weapons
 - Level 1.5 Armour
 - Level 2.1 Dodging
 - Level 1.0 Spellcasting
 - Level 2.0 Hexes


You had 4 spell levels left.
You knew the following spells:

 Your Spells              Type           Power      Damage    Failure   Level
a - Slow                  Hex            16%        N/A       32%         1

Your spell library contained the following spells:

 Spells                   Type           Power      Damage    Failure   Level
 Inner Flame              Hex/Fire       2%         N/A       83%         3
 Portal Projectile        Hex/Tloc       4%         N/A       83%         3
 Cause Fear               Hex            2%         N/A       97%         4

Inventory:

Hand Weapons
 Y - a +1 sling (weapon)
Armour
 d - the +5 ring mail of Liberty (worn) {Will++ MP+9}
   (You found it on level 2 of the Dungeon)

   MP:        It affects your magic capacity (+9).
   Will:      It greatly increases your willpower.
 f - a +0 pair of boots (worn)
Potions
 b - a potion of heal wounds {unknown}
 g - a potion of enlightenment
 h - a potion of invisibility {unknown}

Dungeon Overview and Level Annotations

Branches:
Dungeon (3/15)              Sewer (1/1)

Altars:


Message History

You shoot a sling bullet.
The sling bullet barely misses the adder.
The adder bites you but does no damage. The adder barely misses you.
You shoot a sling bullet. The sling bullet hits the adder.
The adder is severely wounded.
The adder bites you.
You are poisoned.
The adder poisons you! The river rat bites you.
The adder bites you but does no damage.
You shoot a sling bullet. The sling bullet hits the adder.
You kill the adder!
You feel very sick. The river rat bites you.
The river rat bites you but does no damage.
You shoot a sling bullet. The sling bullet hits the river rat.
The river rat is lightly wounded.
You feel sick.
The river rat bites you but does no damage.
You shoot a sling bullet.
The sling bullet closely misses the river rat.
You feel sick.
The river rat bites you but does no damage.
You shoot a sling bullet.
The sling bullet closely misses the river rat.
You feel sick. The river rat bites you. The river rat closely misses you.
The river rat barely misses you.
The river rat twitches its whiskers.
The river rat barely misses you.
You shoot a sling bullet. The sling bullet hits the river rat.
The river rat is moderately wounded.
You feel sick.
You are no longer poisoned.
The river rat bites you. x2
You shoot a sling bullet.
The sling bullet barely misses the river rat.
The river rat bites you. x2
You shoot a sling bullet. The sling bullet hits the river rat.
The river rat is severely wounded.
The river rat barely misses you. The river rat bites you!
You die...

.. .~ #~ #~ #~
##~## ##.~r##
#~~.@r#
~~~~~~\..~~~~..
#~##.....####..
##.~~## ##~##
#~ #~ #~


You could see 2 river rats.

Vanquished Creatures
  3 adders
  A river rat (D:3)
  A worm (D:2)
  A dart slug (D:2)
  13 ball pythons
  3 endoplasms
  4 goblins
  A hobgoblin (D:1)
  2 jackals (D:3)
  3 kobolds
  A quokka (D:2)
  2 bats (D:1)
  A frilled lizard (D:2)
  3 rats
39 creatures vanquished.

Notes
Turn   | Place    | Note
-------+----------+-------------------------------------------
     0 | D:1      | qw the Minotaur Hexslinger began the quest for the Orb.
     0 | D:1      | Reached XP level 1. HP: 16/16 MP: 1/1
     0 | D:1      | 0 ||| qw: Version: 0.3-a-52-g30416fa
     0 | D:1      | 0 ||| qw: Game counter: 7139
     0 | D:1      | 0 ||| qw: Melee chars always use a shield: true
     0 | D:1      | 0 ||| qw: God list: Okawaru
     0 | D:1      | 0 ||| qw: Allow faded altars: false
     0 | D:1      | 0 ||| qw: Do Orc after clearing Dungeon:15 true
     0 | D:1      | 0 ||| qw: Do second Lair branch before Depths: true
     0 | D:1      | 0 ||| qw: Lair rune preference: random
     0 | D:1      | 0 ||| qw: Goals: Normal
     0 | D:1      | 0 ||| PLANNING D:1-11
    91 | D:1      | Reached skill level 3 in Ranged Weapons
    95 | D:1      | Reached XP level 2. HP: 23/23 MP: 2/2
   619 | D:1      | 619 ||| UPGRADING to +0 ring mail.
   629 | D:1      | 629 ||| DROPPING +0 robe.
   630 | D:1      | 630 ||| UPGRADING to +0 pair of boots.
   635 | D:1      | 635 ||| READING scroll labelled SOZUEVOSOY.
   636 | D:1      | 636 ||| DROPPING scroll of poison.
   710 | D:2      | Reached XP level 3. HP: 28/29 MP: 3/3
   884 | D:2      | Identified the +5 ring mail of Liberty {Will++ MP+9}
  1027 | D:2      | Reached skill level 4 in Ranged Weapons
  1403 | D:2      | 1403 ||| UPGRADING to +5 ring mail of Liberty {Will++
                  | MP+9}.
  1413 | D:2      | 1413 ||| DROPPING +0 ring mail.
  1483 | D:2      | 1483 ||| READING scroll labelled TUOREE QEIRA.
  1484 | D:2      | 1484 ||| READING scroll labelled NUCHIP ASYSH.
  1485 | D:2      | 1485 ||| READING scroll labelled PUTEAHITTO.
  1489 | D:2      | 1489 ||| DRINKING 2 bubbling emerald potions.
  1490 | D:2      | 1490 ||| DRINKING 2 fuming grey potions.
  1578 | D:2      | 1578 ||| DROPPING potion of lignification.
  1597 | D:3      | 1597 ||| PLANNING SEWER
  1706 | D:3      | Reached skill level 1 in Armour
  1708 | D:3      | HP: 7/29 [ball python (3)]
  1713 | D:3      | Reached XP level 4. HP: 11/36 MP: 4/4
  1811 | D:3      | Found a glowing drain.
  1812 | D:3      | 1812 ||| READING scroll labelled BAH DAKUSE.
  1822 | Sewer    | Entered a sewer
  1834 | Sewer    | HP: 8/36 [river rat (5)]
  1835 | Sewer    | Slain by a river rat

Levels and vault maps discovered:
D:1:      dpeg_arrival_tiny_b, layout_basic, chequers_serial_rivers_small_3
D:2:      layout_loops_ring
D:3:      layout_basic, zin_treasury, portal_sewer_entry_b,
          nicolae_houndstooth_variations
Sewer:    sewer_co_15_rooms

Skill      XL: |  1  2  3 |
---------------+----------+-----
Ranged Weapons | 3 4 |  4.3
Fighting       | 2 |  2.0
Armour         | 1 |  1.5
Dodging        | |  2.1
Spellcasting   | |  1.0
Hexes          | |  2.0

Action                     |  1- 3 |  4- 6 || total
---------------------------+-------+-------++-------
   Fire: Sling             |   105 |    17 ||   122
    Use: Scroll            |     4 |     1 ||     5
         Potion            |     2 |       ||     2
 Armour: Ring mail         |    21 |     8 ||    29
         Robe              |     1 |       ||     1
  Dodge: Dodged            |    41 |     7 ||    48

Table legend:
 A = Non-vault XP
 B = Vault XP
 C = Vault XP percentage of total XP
 D = Non-vault monster count
 E = Vault monster count
 F = Vault count percentage of total count
                 A         B        C        D         E       F
            +---------+---------+-------+---------+---------+-------
      Total |      79 |      33 |  29.5 |      32 |       7 |  17.9
            +---------+---------+-------+---------+---------+-------
        D:1 |      26 |       0 |   0.0 |      16 |       0 |   0.0
        D:2 |      47 |       0 |   0.0 |      12 |       0 |   0.0
        D:3 |       6 |      19 |  76.0 |       4 |       6 |  60.0
      Sewer |       0 |      14 | 100.0 |       0 |       1 | 100.0
            +---------+---------+-------+---------+---------+-------
